 Dungeon Crawl Stone Soup version 0.28.0-1-gb440e238dd (webtiles) character file.

Game seed: 1496749281446207837

66 Descartes the Grasshopper (level 4, -7/34 HPs)
             Began as a Formicid Warper on Feb 25, 2022.
             Killed by divine providence
             ... invoked by an orc priest
              (13 damage)
             ... on level 2 of the Dungeon.
             The game lasted 00:05:25 (1554 turns).

Descartes the Grasshopper (Formicid Warper)         Turns: 1554, Time: 00:05:26

Health: -7/34      AC:  6    Str: 17    XL:     4   Next: 37%
Magic:  7/7        EV: 13    Int: 13    God:
Gold:   86         SH:  0    Dex: 10    Spells: 8/8 levels left

rFire   . . .      SeeInvis +   l - +6 shillelagh "Devastator" {shatter}
rCold   . . .      Faith    .   (no shield)
rNeg    . . .      Spirit   .   g - +0 scale mail
rPois   .          Reflect  .   (helmet unavailable)
rElec   .          Harm     .   (no cloak)
rCorr   .          Rampage  .   (no gloves)
Will    .....                   (no boots)
Stlth   ..........              (no amulet)
HPRegen 0.11/turn               b - +4 ring of evasion
MPRegen 0.10/turn               (no ring)

@: no status effects
A: permanent stasis, dig shafts and tunnels, antennae 3, four strong arms
a: Dig, Shaft Self


You were on level 2 of the Dungeon.
You visited 1 branch of the dungeon, and saw 2 of its levels.

You collected 86 gold pieces.

Inventory:

Hand Weapons
 a - a +0 hand axe
 l - the +6 shillelagh "Devastator" (weapon) {shatter}
   (You found it on level 2 of the Dungeon)

   It releases a powerful concussive burst when it strikes, dealing extra damage
   to the target and all other foes adjacent to them.
 m - a +0 hunting sling of freezing
Missiles
 c - 5 boomerangs of dispersal (quivered)
 d - 52 stones
Armour
 g - a +0 scale mail (worn)
Jewellery
 b - a +4 ring of evasion (left hand)
Scrolls
 e - a scroll of fear {unknown}
 f - a scroll of silence {unknown}
 h - a scroll of identify {unknown}
 i - a scroll of magic mapping {unknown}
 k - a scroll of immolation {unknown}


   Skills:
 + Level 2.6 Fighting
 - Level 2.3 Axes
 + Level 0.3(1.4) Maces & Flails
 - Level 1.0 Throwing
 + Level 1.7 Armour
 - Level 1.7 Dodging
 + Level 1.4 Shields
 + Level 2.5 Spellcasting
 + Level 3.0 Translocations
 + Level 1.2 Evocations


You had 8 spell levels left.
You didn't know any spells.
Your spell library contained the following spells:

 Spells                   Type           Power      Damage    Failure   Level
 Gell's Gravitas          Tloc           9%         N/A       56%         3
 Lesser Beckoning         Tloc           9%         N/A       56%         3
 Teleport Other           Tloc           9%         N/A       56%         3
 Beastly Appendage        Tmut           2%         N/A       63%         1
 Wereblood                Tmut           1%         N/A       77%         2
 Spider Form              Tmut/Pois      1%         N/A       94%         3
 Manifold Assault         Tloc           9%         N/A       100%        5
 Blink                    Tloc           Unusable   N/A       N/A         2

Dungeon Overview and Level Annotations

Branches:
Dungeon (2/15)

Altars:

Shops:
D:1 !   D:2 =


Innate Abilities, Weirdness & Mutations

You cannot be hasted, slowed, berserked, paralysed or teleported.
You can dig through walls and to a lower floor.
You have a pair of large antennae on your head. (SInv)
Your four strong arms can wield two-handed weapons with a shield.


Message History

Time to lay down the shillelagh law.
l - the +6 shillelagh "Devastator" (weapon)
{shatter}
Found a glowing hunting sling and a dagger.
You see here a +0 hunting sling of freezing.
m - a +0 hunting sling of freezing You see here a +0 dagger.
Found a club.
You see here a +0 club. 2 orcs come into view.
The orc shouts! x2; You hear a shout! 2 orc priests come into view.
The orc priest shouts! x2
An orc wizard comes into view. It is wielding a +0 dagger.
The orc hits you but does no damage.
The orc priest invokes the aid of Beogh against you.
Beogh smites you!
Ouch! That really hurt!
You are too injured to fight recklessly!
You are too injured to fight recklessly!
Unknown command.
The orc complains repeatedly, as Orcs often do.
You completely miss the orc. The orc hits you but does no damage.
You closely miss the orc. The orc misses you. The orc closely misses you.
You hit the orc but do no damage. The orc barely misses you.
You sock the orc!
The orc wizard shudders.
You kill the orc wizard!
You kill the orc!
You have reached level 4!
You feel clever.
The orc priest mumbles some strange prayers to Beogh against you.
Beogh smites you!
* * * LOW HITPOINT WARNING * * *
It was a potion of curing.
You feel better.
The orc priest mumbles some strange prayers to Beogh against you.
Pain shoots through your body!
* * * LOW HITPOINT WARNING * * *
Things that are here:
a +0 dagger; a goblin corpse The orc priest invokes the aid of Beogh against you.
Beogh smites you!
You die...

.........#.....#####.#
.#######.#.[...#..##.#
.#....##.#........##.#
.................###.#######
.#.#...#.....##..###........
....................>#######
......#.......#..###.#
##.##.#.#####.##.###.#
##....#.# #.##@.##.#
#######.# .###.##.# ##.....
# ## #.# #.##.# #...... #..
#.# #o.#.# #.#...# #.# #.#
##.#.# #...... #.### # #o#.#
#...... ....# .# #.#.#
#...... .####+#.### #o#.# #
#o#...# .#........# #...#
#.#..o...


You could see 2 orc priests and an orc.

Vanquished Creatures
  An orc wizard (D:2)
  A dart slug (D:1)
  An orc (D:2)
  An endoplasm (D:1)
  4 giant cockroaches (D:1)
  7 goblins
  4 hobgoblins (D:1)
  4 kobolds (D:1)
  A quokka (D:1)
  3 ball pythons
  3 bats
  2 frilled lizards (D:1)
  3 rats (D:1)
35 creatures vanquished.

Notes
Turn   | Place    | Note
-------+----------+-------------------------------------------
     0 | D:1      | Descartes the Formicid Warper began the quest for the Orb.
     0 | D:1      | Reached XP level 1. HP: 16/16 MP: 3/3
   210 | D:1      | Reached XP level 2. HP: 18/22 MP: 5/5
   551 | D:1      | Reached skill level 1 in Shields
   665 | D:1      | Reached XP level 3. HP: 24/28 MP: 6/6
   877 | D:1      | You fall into a shaft and drop 1 floor!
  1028 | D:1      | Found Oggenydo's Distillery.
  1226 | D:2      | Found Heloanojih's Jewellery Emporium.
  1296 | D:2      | Reached skill level 1 in Evocations
  1424 | D:2      | Found the +6 shillelagh "Devastator" {shatter}
  1434 | D:2      | Reached skill level 3 in Translocations
  1539 | D:2      | Reached XP level 4. HP: 16/34 MP: 7/7
  1540 | D:2      | HP: 1/34 [orc priest/divine providence (15)]
  1554 | D:2      | Killed from afar by an orc priest

Illustrated notes

Levels and vault maps discovered:
D:1:      dpeg_arrival_snail, layout_basic, serial_shops, nicolae_shop_crystal
D:2:      cheibrodos_pilgrimage, layout_basic, serial_shops, shop_statue

Skill      XL: |  1  2  3 |
---------------+----------+-----
Shields        | 1 |  1.4
Evocations     | 1 |  1.2
Translocations | 3 |  3.0
Fighting       | |  2.6
Axes           | |  2.3
Maces & Flails | |  0.3
Throwing       | |  1.0
Armour         | |  1.7
Dodging        | |  1.7
Spellcasting   | |  2.5

Action                   |  1- 3 |  4- 6 || total
-------------------------+-------+-------++-------
Melee: Hand axe          |   109 |       ||   109
       Shillelagh        |     4 |       ||     4
  Use: Potion            |       |     1 ||     1
Armor: Leather armour    |    40 |       ||    40
       Scale mail        |     9 |       ||     9
Dodge: Dodged            |    71 |       ||    71
